 Dungeon Crawl Stone Soup version 0.16-a0-296-gbdb9f68 (webtiles) character file.

45 Kashira the Sneak (level 3, 0/28 HPs)
             Began as a Naga Enchanter on Aug 29, 2014.
             Slain by an orc
             ... wielding a +0 hand axe
              (4 damage)
             ... on Level 3 of the Dungeon.
             The game lasted 00:09:53 (2600 turns).

Kashira the Sneak (Naga Enchanter)                  Turns: 2600, Time: 00:09:53

HP   0/28        AC  2     Str 10      XL: 3   Next: 64%
MP   2/6         EV  9     Int 15      God:
Gold 113         SH  0     Dex 12      Spells:  3 memorised,  2 levels left

rFire  . . .     SeeInvis +     h - +3 dagger
rCold  . . .     Clarity  .     f - +0 leather armour (curse)
rNeg   + . .     rCorr    .     (no shield)
rPois  +         rRot     .     (no helmet)
rElec  .         Spirit   .     (no cloak)
SustAb .         Warding  .     (no gloves)
rMut   .         Stasis   .     (no barding)
Gourm  .                        (no amulet)
MR     .....                    (no ring)
                                l - ring of positive energy

@: very slightly contaminated, very slow, not resistant to hostile enchantments,
fairly stealthy
A: spit poison, see invisible, deformed body, poison resistance, slowness 2, AC
+1
a: Spit Poison


You were on level 3 of the Dungeon.
You were not hungry.

You visited 1 branch of the dungeon, and saw 3 of its levels.

You collected 113 gold pieces.

Inventory:

Hand weapons
 a - a +1 dagger
 h - a +3 dagger (weapon)
Missiles
 e - 17 arrows
 g - 18 poisoned needles
 o - 9 stones (quivered)
Armour
 b - a +1 robe
 f - a cursed +0 leather armour (worn)
Comestibles
 d - a bread ration
 r - a chunk of orc flesh
 v - 3 fruits
Scrolls
 j - a scroll of enchant armour {unknown}
 k - 2 scrolls of remove curse {unknown}
 m - 2 scrolls of magic mapping {unknown}
 p - 2 scrolls of noise {unknown}
 s - 2 scrolls of identify {unknown}
Jewellery
 l - a ring of positive energy (left hand)
 w - an uncursed amulet of resist corrosion {unknown}
Potions
 i - a potion of curing {unknown}
 n - 3 potions of cancellation {unknown}
 q - a potion of magic {unknown}
 t - a potion of poison {unknown}
 u - a potion of haste {unknown}
Books
 c - a book of Maledictions

   Spells                             Type                      Level
   *Corona                            Hexes                        1
   *Sure Blade                        Hexes/Charms                 2
   *Ensorcelled Hibernation           Hexes/Ice                    2
   Confuse                            Hexes                        3
   Dazzling Spray                     Conjuration/Hexes            3
   Enslavement                        Hexes                        4


   Skills:
 + Level 1.1 Short Blades
 + Level 0.5 Armour
 + Level 1.7 Dodging
 + Level 5.0 Stealth
 + Level 2.5 Spellcasting
 + Level 3.4 Hexes


You had 2 spell levels left.
You knew the following spells:

 Your Spells              Type           Power        Failure   Level  Hunger
a - Corona                Hex            ##.....      6%          1    #......
b - Ensorcelled Hibernat  Hex/Ice        #.....       17%         2    ##.....
c - Sure Blade            Hex/Chrm       #.........   17%         2    ##.....


Dungeon Overview and Level Annotations

Branches:
Dungeon (3/15)

Altars:


Innate Abilities, Weirdness & Mutations

You cannot wear boots.
You can spit poison.
Your serpentine skin is tough (AC +1).
You have supernaturally acute eyesight.
Armour fits poorly on your strangely shaped body.
Your system is resistant to poisons.
You cover ground very slowly.


Message History

Aiming: Corona
Press: ? - help, Shift-Dir - straight line, f - orc
Aim: an orc, wielding a hand axe and wearing a leather armour The orc struggles to resist.
Throwing (i - inventory):
o - 10 stones (quivered)
Press: ? - help, Shift-Dir - straight line, f/p - orc
Aim: an orc, wielding a hand axe and wearing a leather armour You throw a stone.
The stone barely misses the orc.
You hit the orc but do no damage. The orc barely misses you.
There isn't anything here!
Casting: Corona
Confirm with . or Enter, or press ? or * to list all spells.
You miscast Sure Blade.
You are very lightly contaminated with residual magic.
Nothing appears to happen.
The orc hits you with a hand axe.
* * * LOW HITPOINT WARNING * * *
You barely miss the orc. The orc hits you but does no damage.
You hit the orc but do no damage. The orc closely misses you.
You hit the orc but do no damage. The orc hits you with a hand axe.
You die...

####.## .. #.... ########.#
#. #.### #......#.#########o
#######.###
#.####.#...........
............ #.#
##'#)#########(#########.###
#.# #.......# #...........#
#.# #.......# #.......#####
#.# #.......#######)###.##
#.# #.......'..@o.)(# #.#
#.# #.......######### #.#
#.# #.......# #.####### #.#
#.......# ####>#.....## #.#
#.......# #............ #.#
######'#########.##.#.###.#.
#.# #.#............#.# #.#.
#.# #.#.#######.#..#.# #.#.
#.# #........##.#..#.# #.#.


You could see an orc.

Vanquished Creatures
  2 orcs (D:3)
  4 bats (D:1)
  2 giant cockroaches
  7 hobgoblins
  2 jackals (D:2)
  2 ball pythons
  A giant newt (D:2)
  6 goblins
  7 kobolds
  8 rats
41 creatures vanquished.

Notes
Turn   | Place    | Note
--------------------------------------------------------------
     0 | D:1      | Kashira, the Naga Enchanter, began the quest for the Orb.
     0 | D:1      | Reached XP level 1. HP: 15/15 MP: 3/3
   312 | D:1      | Reached XP level 2. HP: 19/22 MP: 0/4
   418 | D:1      | Reached skill level 5 in Stealth
   422 | D:1      | Learned a level 2 spell: Ensorcelled Hibernation
   425 | D:1      | Learned a level 2 spell: Sure Blade
  1533 | D:2      | Reached XP level 3. HP: 21/28 MP: 2/6
  2600 | D:3      | Slain by an orc

Action                   || total
-------------------------++-------
Melee: Dagger            ||   113
Throw: Stone             ||    11
 Cast: Corona            ||    32
       Sure Blade        ||    20
       Ensorcelled Hiber ||     2
  Eat: Chunk             ||     7
